 Dungeon Sprint DCSS version 0.24-b1-30-g840c9efd86 (webtiles) character file.

Game seed: 18309471376243700123, levelgen mode: deterministic

5884 night the Unseen (level 10, -5/57 HPs)
             Began as a Vampire Earth Elementalist on Oct 25, 2019.
             Was the Champion of Vehumet.
             Slain by a killer bee (9 damage)
             ... in the Dungeon (Sprint III: "The Ten Rune Challenge").
             The game lasted 00:15:13 (2991 turns).

night the Unseen (Vampire Earth Elementalist)       Turns: 2991, Time: 00:15:13

Health: -5/57      AC:  0    Str:  5 (7)  XL:     10   Next: 52%
Magic:  3/25       EV: 20    Int: 19 (21) God:    Vehumet [******]
Gold:   2427       SH:  0    Dex: 18 (20) Spells: 11/31 levels left

rFire    . . .     SeeInvis +   (weapon currently unavailable)
rCold    + + .     Gourm    .   (shield currently unavailable)
rNeg     + + +     Faith    .   (armour currently unavailable)
rPois    ∞         Spirit   .   (helmet currently unavailable)
rElec    .         Reflect  .   (cloak currently unavailable)
rCorr    .         Harm     .   (gloves currently unavailable)
MR       +....     NoTele   +   (boots currently unavailable)
Stlth    +++++++++.             (no amulet)
HPRegen  0.00/turn              (ring currently unavailable)
MPRegen  0.19/turn              (ring currently unavailable)

@: bat-form, flying, bloodless, regenerating quickly, very quick
A: tiny, no food, fangs 3, see invisible
a: Revivify, End Transformation, Renounce Religion


You were in the Dungeon.
You worshipped Vehumet.
Vehumet was exalted by your worship.
You were bloodless.
You were in vampire-bat-form.
You visited 1 branch You collected 2427 gold pieces.

Inventory:

Hand Weapons
 s - a +1 dagger of freezing (melded)
Armour
 c - a +0 robe
 l - a +2 robe of cold resistance (melded)
Scrolls
 i - a scroll of blinking
 o - 3 scrolls of identify
 p - 4 scrolls of remove curse
 r - a scroll of holy word {unknown}
Potions
 a - a potion of ambrosia {unknown}
 d - a potion of curing
 f - a potion of haste
 g - a potion of magic
 h - a potion of berserk rage
 k - a potion of lignification {unknown}
 m - 3 potions of mutation {unknown}
 q - 3 potions of flight
 t - a potion of might


   Skills:
 - Level 4.2 Fighting
 - Level 5.1 Short Blades
 - Level 2.1 Dodging
 - Level 16.5 Stealth
 - Level 11.3 Spellcasting
 - Level 1.1 Transmutations
 + Level 5.1 Ice Magic
 + Level 5.0 Air Magic
 - Level 15.9 Earth Magic


You had 11 spell levels left.
You knew the following spells:

 Your Spells              Type           Power        Failure   Level  Hunger
a - Sandblast             Erth           ######       0%          1    N/A
b - Stone Arrow           Conj/Erth      #####.       1%          3    N/A
c - Petrify               Tmut/Erth      #####...     1%          4    N/A
d - Lee's Rapid Deconstr  Erth           ######....   1%          5    N/A
e - Confusing Touch       Hex            ##....       6%          1    N/A
f - Freezing Cloud        Conj/Ice/Air   ###.......   50%         6    N/A

Your spell library contained the following spells:

 Spells                   Type           Power        Failure   Level  Hunger
 Yara's Violent Unravell  Hex/Tmut       ##........   34%         5    N/A
 Passwall                 Tmut/Erth      #####...     1%          2    N/A
 Animate Skeleton         Necr           N/A          6%          1    N/A
 Apportation              Tloc           ##....       6%          1    N/A
 Summon Small Mammal      Summ           ##..         6%          1    N/A

Dungeon Overview and Level Annotations

Branches:
Dungeon (1/1)

Altars:
Cheibriados
Dithmenos
Elyvilon
Fedhas
Gozag
Hepliaklqana
Kikubaaqudgha
Makhleb
Nemelex Xobeh
Okawaru
Qazlal
Ru
Sif Muna
Trog
Uskayaw
Vehumet
Wu Jian
Xom
Yredelemnul
Zin
The Shining One
Beogh
Jiyva
Lugonu

Shops:
D ?


Innate Abilities, Weirdness & Mutations

You do not eat.
You do not regenerate when monsters are visible.
You are frail without blood (-20% HP).
You can heal yourself when you bite living creatures.
You are immune to poison.
You have razor-sharp teeth.
You have supernaturally acute eyesight. (SInv)
((You can survive without breathing.))


Message History

Aiming: Phantom Mirror
Press: ? - help, Dir - move target cursor, f - killer bee, p - killer bee
Aim: a killer bee You reflect the killer bee with the mirror, and the mirror shatters!
Your killer bee closely misses the killer bee.
The killer bee misses you.
Your killer bee misses the killer bee.
The killer bee completely misses you.
Your killer bee completely misses the killer bee.
The killer bee misses you.
There is an open door, spattered with blood here.
The killer bee misses you.
You see here a cursed +0 mace.
There is an open door to the Orcish Mines here.
Items here: ))) [[ a +0 dire flail; a +0 chain mail; a +0 dagger; a +0 robe; a +0 dagger
Items here: ( ))) [[[
There is an entrance to Lyzukk's Magic Scroll Emporium here.
Your killer bee shimmers and vanishes!
The killer bee stings you!
You die...

▓ ▓▓▓▓▓▓▓▓
##############..##..###
#___#___#__#.##.##....+
#...#__.#)_#..........#
###'#'###'##.........##
#..........#).).....##
'[⌠.)......#.#.#y#∩##
#...######.#))..by##
#.⌠.#__#...#)####################
#...#__#...#).§§≈§§#(y)..'.#.#.#y
#'###__#...#.#y≈y#§#y#).†##†#.#y#
#[).#__#..%'.#.§.#§#.#...#.#.#.#.
#___#__'...#.#§).#yy.#...##.#y#.#
▓▓▓▓▓▓▓▓▓▓▓▓▓▓▓▓▓▓▓▓▓▓▓▓▓#.#.#.#.
##.#.#.# +.#.#.#.


You could see 2 killer bees.

Vanquished Creatures
  Erica (D)
  A centaur warrior (D)
  An orc high priest (D)
  2 unseen horrors (D)
  A deep elf mage (D)
  An orc knight (D)
  A shadow (D)
  A spatial vortex (D)
  An orc warrior (D)
  A necrophage (D)
  2 centaurs (D)
  An earth elemental (D)
  A water elemental (D)
  18 killer bees (D)
  A jelly (D)
  An orc priest (D)
  3 orc wizards (D)
  A wizard (D)
  Jessica (D)
  A necromancer (D)
  3 humans (D)
  A kobold demonologist (D)
  A wolf (D)
  An ooze (D)
  11 orcs (D)
  2 rats (D)
60 creatures vanquished.

Vanquished Creatures (others)
  2 draconian scorchers (D)
  2 yaktaurs (D)
  6 hellions (D)
10 creatures vanquished.

Grand Total: 70 creatures vanquished

Notes
Turn   | Place    | Note
-------+----------+-------------------------------------------
     0 | D        | night the Vampire Earth Elementalist began the quest for
                  | the Orb.
     0 | D        | Reached XP level 1. HP: 13/13 MP: 3/3
    11 | D        | Reached skill level 4 in Stealth
    58 | D        | Killed a yaktaur
    85 | D        | Noticed Jessica
    90 | D        | Killed Jessica
    90 | D        | Reached skill level 5 in Stealth
    90 | D        | Reached skill level 5 in Earth Magic
    90 | D        | Reached XP level 2. HP: 16/19 MP: 1/6
    90 | D        | Reached XP level 3. HP: 21/24 MP: 1/7
    98 | D        | Killed a hellion
   109 | D        | Killed a hellion
   111 | D        | Killed a hellion
   120 | D        | Killed a hellion
   131 | D        | Killed a hellion
   152 | D        | Killed a white draconian scorcher
   163 | D        | Reached skill level 6 in Stealth
   186 | D        | Killed a white draconian scorcher
   228 | D        | Learned a level 3 spell: Stone Arrow
   274 | D        | Killed a hellion
   326 | D        | Noticed a water elemental
   330 | D        | Killed a water elemental
   330 | D        | Reached skill level 8 in Stealth
   330 | D        | Reached XP level 4. HP: 30/30 MP: 1/10
   336 | D        | Learned a level 4 spell: Petrify
   411 | D        | Found a radiant altar of Vehumet.
   411 | D        | Found a shimmering blue altar of Sif Muna.
   411 | D        | Found an ancient bone altar of Kikubaaqudgha.
   411 | D        | Noticed a wizard
   412 | D        | Killed a wizard
   412 | D        | Reached skill level 5 in Spellcasting
   412 | D        | Reached XP level 5. HP: 23/35 MP: 7/12
   451 | D        | Became a worshipper of Vehumet
   506 | D        | Found a glowing silver altar of Zin.
   506 | D        | Found a glowing golden altar of the Shining One.
   506 | D        | Found a white marble altar of Elyvilon.
   507 | D        | Noticed a deep elf mage
   511 | D        | Noticed a fire elemental
   511 | D        | Killed a deep elf mage
   511 | D        | Reached skill level 12 in Stealth
   511 | D        | Reached XP level 6. HP: 41/41 MP: 0/16
   511 | D        | Reached XP level 7. HP: 46/46 MP: 0/17
   622 | D        | Found a hide-covered altar of Uskayaw.
   622 | D        | Found a roughly hewn altar of Beogh.
   622 | D        | Found an iron altar of Okawaru.
   622 | D        | Found a bloodstained altar of Trog.
   622 | D        | Found an ornate altar of the Wu Jian Council.
   622 | D        | Noticed a human
   624 | D        | Noticed a human
   625 | D        | Killed a human
   631 | D        | Killed a human
   631 | D        | Reached * piety under Vehumet
   631 | D        | Offered knowledge of Freeze by Vehumet.
   631 | D        | Reached skill level 13 in Stealth
   722 | D        | Found a basalt altar of Yredelemnul.
   722 | D        | Found a shadowy altar of Dithmenos.
   722 | D        | Found a sacrificial altar of Ru.
   797 | D        | Learned a level 5 spell: Lee's Rapid Deconstruction
   801 | D        | Noticed a shadow
   808 | D        | Killed a shadow
   808 | D        | Offered knowledge of Throw Frost by Vehumet.
   808 | D        | Reached ** piety under Vehumet
   808 | D        | Reached XP level 8. HP: 37/52 MP: 2/20
   934 | D        | Found a blossoming altar of Fedhas.
   934 | D        | Found a stormy altar of Qazlal.
   934 | D        | Found a snail-covered altar of Cheibriados.
   934 | D        | Found a burning altar of Makhleb.
   934 | D        | Found a shimmering altar of Xom.
   935 | D        | Found a hazy altar of Hepliaklqana.
   935 | D        | Found an opulent altar of Gozag.
   935 | D        | Found a sparkling altar of Nemelex Xobeh.
   935 | D        | Found a corrupted altar of Lugonu.
   935 | D        | Found a viscous altar of Jiyva.
  1124 | D        | Noticed Erica
  1127 | D        | Killed Erica
  1127 | D        | Offered knowledge of Throw Flame by Vehumet.
  1127 | D        | Reached skill level 15 in Stealth
  1141 | D        | Learned a level 1 spell: Confusing Touch
  1141 | D        | Noticed an orc high priest
  1142 | D        | Found Lyzukk's Magic Scroll Emporium.
  1142 | D        | Noticed an orc knight
  1149 | D        | Reached *** piety under Vehumet
  1150 | D        | Reached **** piety under Vehumet
  1151 | D        | Reached XP level 9. HP: 51/57 MP: 9/22
  1154 | D        | Noticed an orange demon
  1166 | D        | Noticed an orange demon
  1191 | D        | Killed an orc high priest
  1191 | D        | Reached ***** piety under Vehumet
  1191 | D        | Reached skill level 16 in Stealth
  1191 | D        | Reached skill level 10 in Spellcasting
  1241 | D        | Killed an orc knight
  1241 | D        | Reached skill level 15 in Earth Magic
  1324 | D        | Offered knowledge of Olgreb's Toxic Radiance by Vehumet.
  1408 | D        | Killed a yaktaur
  1489 | D        | Offered knowledge of Lightning Bolt by Vehumet.
  1617 | D        | Noticed a centaur warrior
  1624 | D        | Killed a centaur warrior
  1624 | D        | Offered knowledge of Sticky Flame by Vehumet.
  1624 | D        | Reached XP level 10. HP: 21/69 MP: 14/25
  1755 | D        | Noticed an unseen horror
  1761 | D        | Killed an unseen horror
  1803 | D        | Noticed an unseen horror
  2181 | D        | Reached skill level 5 in Short Blades
  2188 | D        | Reached ****** piety under Vehumet
  2188 | D        | Offered knowledge of Freezing Cloud by Vehumet.
  2200 | D        | Learned a level 6 spell: Freezing Cloud
  2747 | D        | Reached skill level 1 in Ice Magic
  2747 | D        | Reached skill level 1 in Air Magic
  2948 | D        | Killed an unseen horror
  2950 | D        | Offered knowledge of Yara's Violent Unravelling by Vehumet.
  2960 | D        | Reached skill level 5 in Ice Magic
  2962 | D        | Reached skill level 5 in Air Magic
  2972 | D        | HP: 2/57 [killer bee (6)]
  2991 | D        | Slain by a killer bee

Skill      XL: |  1  2  3  4  5  6  7  8  9 10 |
---------------+-------------------------------+-----
Stealth        | 5 8 12 13 15 16 | 16.5
Spellcasting   | 3 4 5 7 8 9 11 | 11.3
Earth Magic    | 5 7 11 12 14 15 | 15.9
Fighting       | 2 4 |  4.2
Short Blades   | 3 5 |  5.1
Ice Magic      | 5 |  5.1
Air Magic      | 5 |  5.0
Dodging        | |  2.1
Transmutations | |  1.1

Action                   |  1- 3 |  4- 6 |  7- 9 | 10-12 || total
-------------------------+-------+-------+-------+-------++-------
Melee: Dagger            |       |       |    19 |     3 ||    22
       Bite              |       |       |     1 |     1 ||     2
 Cast: Sandblast         |    15 |     1 |     9 |     5 ||    30
       Stone Arrow       |     4 |     6 |    30 |    33 ||    73
       Petrify           |       |       |     7 |       ||     7
       Lee's Rapid Decon |       |       |     5 |     1 ||     6
       Confusing Touch   |       |       |     1 |     1 ||     2
 Abil: Exsanguinate      |       |       |       |     2 ||     2
       Bat Form          |       |       |       |     1 ||     1
       Revivify          |       |       |       |     1 ||     1
Evoke: Wand              |       |       |     4 |     2 ||     6
       Phantom mirror    |       |       |       |     1 ||     1
  Use: Potion            |       |       |       |     4 ||     4
       Scroll            |       |       |       |     2 ||     2
 Stab: Petrified         |       |       |     3 |       ||     3
       Sleeping          |       |       |     1 |       ||     1
Armor: Robe              |     1 |       |     1 |     8 ||    10
Dodge: Dodged            |     4 |       |    17 |    73 ||    94
